 Dungeon Crawl Stone Soup version 0.21-a0-507-ga8f6b7a (webtiles) character file.

23 slep the Skirmisher (level 2, -1/24 HPs)
             Began as a Demonspawn Monk on Nov 28, 2017.
             Slain by a ball python (2 damage)
             ... on level 2 of the Dungeon.
             The game lasted 00:02:36 (762 turns).

slep the Skirmisher (Demonspawn Monk)                Turns: 762, Time: 00:02:37

Health: -1/24      AC:  3    Str: 11    XL:     2   Next: 75%
Magic:  2/2        EV: 10    Int: 16    God:
Gold:   31         SH: 10    Dex: 20    Spells: 1/1 levels left

rFire    . . .     SeeInvis .   a - +0 spear
rCold    . . .     Gourm    .   d - +0 large shield
rNeg     . . .     Faith    .   g - +0 leather armour (curse)
rPois    .         Spirit   .   (no helmet)
rElec    .         Reflect  .   (no cloak)
rCorr    .         Harm     .   (no gloves)
MR       .....                  (no boots)
Stlth    +++.......             (no amulet)
HPRegen  0.08/turn              (no ring)
MPRegen  0.08/turn              (no ring)

@: brilliant, agile, lethally poisoned (-1 -> -12), hasted, constricted, very
quick
A: claws 1
a: no special abilities


You were on level 2 of the Dungeon.
You were not hungry.

You visited 1 branch of the dungeon, and saw 2 of its levels.

You collected 31 gold pieces.

Inventory:

Hand Weapons
 a - a +0 spear (weapon)
Armour
 b - a +0 robe
 d - a +0 large shield (worn)
 g - a cursed +0 leather armour (worn)
Scrolls
 e - a scroll of identify {unknown}
 h - 3 scrolls of teleportation {unknown}
 j - a scroll of fog {unknown}
 n - a scroll of fear {unknown}
 o - a scroll of random uselessness {unknown}
 p - a scroll of remove curse {unknown}
 q - a scroll of enchant armour {unknown}
Potions
 f - 2 potions of agility
 i - a potion of haste
Comestibles
 c - 2 bread rations
 k - a meat ration
 l - a royal jelly


   Skills:
 + Level 3.2 Fighting
 + Level 3.0 Polearms
 + Level 0.4 Armour
 + Level 3.0 Dodging
 + Level 1.8 Stealth
 + Level 0.1 Shields


You had one spell level left.
You didn't know any spells.

Dungeon Overview and Level Annotations

Branches:
Dungeon (2/15)

Altars:


Innate Abilities, Weirdness & Mutations

You have sharp fingernails.


Message History

* * * LOW HITPOINT WARNING * * *
x2 The ball python constricts you.
It was a potion of haste.
You feel yourself speed up.
* * * LOW HITPOINT WARNING * * *
You feel sick.
The ball python bites you but does no damage.
The ball python constricts you.
It was a potion of brilliance.
You feel clever all of a sudden.
* * * LOW HITPOINT WARNING * * *
You feel sick.
The ball python bites you but does no damage.
The ball python constricts you.
You barely miss the ball python.
* * * LOW HITPOINT WARNING * * *
You feel sick. You block the ball python's attack.
The ball python constricts you.
You hit the ball python but do no damage.
The ball python bites you.
You die...

#...# ...
#...#.......
#...#....... ####
...#.......
#.#...###..#.......
#.....#.........
#..(PS@...#...
#....P#.$.#.#######
#P#...##............
##P###..##.###### ##
#........###
###.####...#####
#.#..........#
#.#.###++##P.#
#.#.#PP....#.#


You could see a ball python.

Vanquished Creatures
  An adder (D:2)
  A leopard gecko (D:1)
  2 giant cockroaches (D:1)
  A goblin (D:1)
  3 hobgoblins (D:1)
  2 kobolds
  A frilled lizard (D:1)
  2 rats (D:1)
13 creatures vanquished.

Notes
Turn   | Place    | Note
-------+----------+-------------------------------------------
     0 | D:1      | slep the Demonspawn Monk began the quest for the Orb.
     0 | D:1      | Reached XP level 1. HP: 18/18 MP: 1/1
   339 | D:1      | Gained mutation: You have sharp fingernails. [demonic ancestry]
   339 | D:1      | Reached XP level 2. HP: 24/24 MP: 2/2
   761 | D:2      | HP: 1/24 [poisoned by an adder]
   762 | D:2      | Slain by a ball python

Vault maps used:
D:1:      minmay_arrival_wavy_path
D:2:      cheibrodos_old_hovel, overflow_temple_1_default, lemuel_crystal_altar,
          first_bread, minmay_shallow_snake_nest

Skill      XL: |  1  2 |
---------------+-------+-----
Polearms       | 3 |  3.0
Dodging        | 3 |  3.0
Fighting       | |  3.2
Armour         | |  0.4
Stealth        | |  1.8
Shields        | |  0.1

Action                   || total
-------------------------++-------
Melee: Spear             ||    75
  Use: Potion            ||     3
 Stab: Sleeping          ||     3
Armor: Robe              ||     6
       Leather armour    ||     8
Dodge: Dodged            ||    16
Block: Large shield      ||    36

Table legend:
 A = Spawn XP
 B = Non-spawn XP
 C = Spawn XP percentage of total XP
 D = Spawn monster count
 E = Non-spawn monster count
 F = Spawn count percentage of total count
 G = Total turns spent on level
                    A         B        C        D         E        F      G
               +---------+---------+-------+---------+---------+-------+---------
         Total |       0 |      34 |   0.0 |       0 |      13 |   0.0 |   762
               +---------+---------+-------+---------+---------+-------+---------
           D:1 |       0 |      20 |   0.0 |       0 |      11 |   0.0 |   676
           D:2 |       0 |      14 |   0.0 |       0 |       2 |   0.0 |    86
               +---------+---------+-------+---------+---------+-------+---------
